 Dungeon Crawl Stone Soup version 0.31-a0-1009-g454b1f1e0a (webtiles) character file.

Game seed: 16745592338268829323

4342 Ivernyr the Cruncher (level 10, -7/80 HPs)
             Began as a Formicid Fighter on Nov 15, 2023.
             Mangled by a red ugly thing (22 damage)
             ... on level 12 of the Dungeon.
             The game lasted 00:12:38 (8321 turns).

Ivernyr the Cruncher (Formicid Fighter)             Turns: 8321, Time: 00:12:39

Health: -7/80      AC: 13    Str: 24    XL:     10   Next: 59%
Magic:  10/10      EV:  9    Int:  9    God:
Gold:   518        SH:  7    Dex: 16    Spells: 9/9 levels left

rFire   . . .        a - +0 quarterstaff
rCold   . . .        c - +0 buckler
rNeg    . . .        b - +2 scale mail "Enesuar" {Harm Fly Dex+3 Stlth+}
rPois   .            (helmet unavailable)
rElec   .            C - +0 cloak
rCorr   .            (no gloves)
SInv    +            o - +1 pair of boots
Will    +++..        (no amulet)
Stlth   +            f - ring of willpower
HPRegen 0.33/turn    t - ring of willpower
MPRegen 0.12/turn

%: harm (+30% outgoing, +20% incoming)
@: flying
A: permanent stasis, dig shafts and tunnels, antennae 3, four strong arms
a: Dig, Shaft Self


You were on level 12 of the Dungeon.
You visited 2 branches of the dungeon, and saw 12 of its levels.
You also visited: Sewer.

You collected 518 gold pieces.

Inventory:

Hand Weapons
 a - a +0 quarterstaff (weapon)
Missiles
 G - a throwing net
Armour
 b - the +2 scale mail "Enesuar" (worn) {Harm Fly Dex+3 Stlth+}
   (You found it in a sewer)

   Dex+3:     It affects your dexterity (+3).
   Fly:       It grants you flight.
   Harm:      It increases damage dealt and taken.
   Stlth+:    It makes you more stealthy.
 c - a +0 buckler (worn)
 o - a +1 pair of boots (worn)
 C - a +0 cloak (worn)
Jewellery
 f - a ring of willpower (left hand)
 t - a ring of willpower (right hand)
Wands
 D - a wand of digging (3)
 H - a wand of light (7)
Scrolls
 e - a scroll of immolation {unknown}
 g - 14 scrolls of identify {unknown}
 j - 2 scrolls of poison {unknown}
 k - 2 scrolls of fear {unknown}
 n - a scroll of brand weapon {unknown}
 p - 2 scrolls of fog {unknown}
 r - 6 scrolls of teleportation {unknown}
 w - 2 scrolls of blinking {unknown}
 x - 4 scrolls of vulnerability {unknown}
 y - a scroll of enchant weapon {unknown}
 z - a scroll of acquirement {unknown}
 A - 2 scrolls of enchant armour {unknown}
 F - a scroll of silence {unknown}
 I - a scroll of summoning {unknown}
 J - a scroll of revelation {unknown}
 K - a scroll of torment {unknown}
 L - a scroll of amnesia {unknown}
Potions
 d - a potion of might
 h - a potion of ambrosia {unknown}
 i - 4 potions of curing {unknown}
 l - 4 potions of enlightenment {unknown}
 m - 2 potions of lignification {unknown}
 q - 2 potions of heal wounds {unknown}
 s - 2 potions of haste {unknown}
 u - 2 potions of invisibility {unknown}
 v - 3 potions of mutation {unknown}
 B - a potion of degeneration {unknown}
 E - 2 potions of attraction {unknown}


   Skills:
 + Level 7.9 Fighting
 * Level 9.7 Staves
 + Level 8.0 Armour
 + Level 9.4 Shields


You had 9 spell levels left.
You didn't know any spells.
Your spell library contained the following spells:

 Spells                   Type           Power      Damage    Failure   Level
 Shock                    Conj/Air       0%         1d3       71%         1
 Lesser Beckoning         Tloc           0%         N/A       83%         2
 Call Canine Familiar     Summ           0%         N/A       97%         3
 Gell's Gravitas          Tloc           0%         N/A       97%         3
 Sigil of Binding         Hex            0%         N/A       97%         3
 Teleport Other           Tloc           0%         N/A       97%         3
 Airstrike                Air            0%         2d(0-16)  100%        4
 Dimensional Bullseye     Hex/Tloc       0%         N/A       100%        4
 Leda's Liquefaction      Hex/Erth       0%         N/A       100%        4
 Swiftness                Air            Unusable   N/A       N/A         3

Dungeon Overview and Level Annotations

Branches:
Dungeon (12/15)            Temple (1/1) D:4           Sewer (visited)
   Lair: D:8-11         Orc: D:9-12

Altars:
Ashenzari
Cheibriados
Dithmenos
Elyvilon
Fedhas
Gozag
Hepliaklqana
Kikubaaqudgha
Makhleb
Nemelex Xobeh
Okawaru
Qazlal
Ru
Sif Muna
Trog
Uskayaw
Vehumet
Xom
Yredelemnul
The Shining One

Shops:
D:4 *


Innate Abilities, Weirdness & Mutations

You cannot be hasted, slowed, berserked, paralysed or teleported.
You can dig through walls and to a lower floor.
You have a pair of large antennae on your head. (SInv)
Your four strong arms can wield two-handed weapons with a shield.


Message History

g - 14 scrolls labelled MOTODGH VEREGG (gained 1)
There is an open door here.
You see here a vampire mosquito corpse.
You see here 2 stones.
There is a stone staircase leading up here.
You fly upwards.
The red ugly thing gurgles horribly!
The orc wizard shouts!
The orc warrior shouts!
The orc shouts! x2; You hear an angry buzzing noise. x2
Found a scroll labelled POESHE AS ULYX and 3 stones.
Found a stone staircase leading down.
There is a stone staircase leading down here.
There are monsters nearby!
An orc wizard comes into view. It is wielding a +0 dagger.
The orc closely misses you.
The orc warrior hits you but does no damage.
An orc comes into view. It is wielding a +0 hand axe.
The orc shouts!
A vampire mosquito comes into view. x2
You block the orc's attack. x2
A vampire mosquito comes into view.
The orc hits you but does no damage. x2
The orc warrior attacks as it pursues you!
The orc warrior completely misses you. The orc hits you but does no damage.
There is a stone staircase leading down here.
The vampire mosquito buzzes angrily.
The red ugly thing pecks you.
You are engulfed in flames!!
The orc closely misses you. x2
You fly downwards.
There is a stone staircase leading up here.
The orc attacks as it pursues you! You block the orc's attack.
The red ugly thing attacks as it pursues you!
The red ugly thing pecks you but does no damage.
You see here 7 stones.
The red ugly thing pecks you!
You are engulfed in flames!
The red ugly thing attacks as it pursues you!
The red ugly thing pecks you!
* * * LOW HITPOINT WARNING * * *
You are engulfed in flames!!
You die...

########## #........#
############ ## #........#
#..........# ###
.#####....<...####..........###..
.†..##........##.'..........'.#..
.##..(........##@#..........#.#..
.#####.......o##u#..........#.#..
.# #......oo#..#..........#.#..
.# #.......(#o##..........#..^.
.# #.......{o.##..........###..
.# #........########'###### #..
## ###.###### #...# ### #.# #.###
#.## #.#


You could see a red ugly thing and 2 orcs.

Vanquished Creatures
  A troll (D:9)
  Prince Ribbit (D:9)
  Sigmund (D:2)
  A shadow (D:9)
  A wyvern (D:9)
  2 vampire mosquitoes (D:12)
  A steam dragon (D:9)
  An acid dragon (D:12)
  A water moccasin (D:9)
  A black bear (D:7)
  Pargi (Sewer)
  4 ice beasts
  4 orc warriors
  A centaur (D:8)
  2 phantoms
  2 kobold brigands
  3 bullfrogs
  4 scorpions
  4 killer bees
  4 hounds
  A gnoll bouda (D:7)
  4 orc priests
  2 jellies
  Terence (D:2)
  Jessica (D:2)
  5 iguanas
  4 sleepcaps
  5 orc wizards
  7 gnolls
  5 adders
  A river rat (D:3)
  A shadow imp (D:8)
  A white imp (D:7)
  2 ufetubi (D:6)
  2 worms
  4 dart slugs
  20 orcs
  4 ball pythons
  7 bats
  7 endoplasms
  2 giant cockroaches
  7 goblins
  17 hobgoblins
  9 jackals
  11 kobolds
  6 quokkas
  2 frilled lizards (D:2)
  5 rats
183 creatures vanquished.

Notes
Turn   | Place    | Note
-------+----------+-------------------------------------------
     0 | D:1      | Ivernyr the Formicid Fighter began the quest for the Orb.
     0 | D:1      | Reached XP level 1. HP: 18/18 MP: 1/1
    37 | D:1      | Reached XP level 2. HP: 21/24 MP: 2/2
   318 | D:1      | Reached XP level 3. HP: 29/29 MP: 3/3
   704 | D:2      | Reached XP level 4. HP: 37/37 MP: 4/4
   734 | D:2      | Noticed Terence
   754 | D:2      | Killed Terence
   920 | D:2      | Noticed Sigmund
   925 | D:2      | Killed Sigmund
   926 | D:2      | Reached skill level 5 in Shields
   926 | D:2      | Reached XP level 5. HP: 35/43 MP: 5/5
   926 | D:2      | Reached XP level 6. HP: 40/49 MP: 6/6
  1023 | D:2      | Noticed Jessica
  1032 | D:2      | Killed Jessica
  1660 | D:3      | Found a glowing drain.
  1664 | Sewer    | Entered a sewer
  1746 | Sewer    | Noticed Pargi
  1759 | Sewer    | Killed Pargi
  1760 | Sewer    | Reached XP level 7. HP: 31/55 MP: 7/7
  1846 | Sewer    | Identified the +2 scale mail "Enesuar" {Harm Fly Dex+3
                  | Stlth+}
  2085 | D:3      | Reached skill level 5 in Staves
  2143 | D:3      | Found a stormy altar of Qazlal.
  2153 | D:3      | Found a faded altar of an unknown god.
  2315 | D:3      | Found a bloodstained altar of Trog.
  2407 | D:4      | Found Tegec's General Store.
  2409 | D:4      | Found a staircase to the Ecumenical Temple.
  2431 | Temple   | Entered the Ecumenical Temple
  2521 | D:4      | Reached skill level 5 in Fighting
  2521 | D:4      | Reached skill level 5 in Armour
  2828 | D:4      | Found a burning altar of Makhleb.
  2887 | D:4      | Reached XP level 8. HP: 59/62 MP: 8/8
  3000 | D:4      | Found a glowing golden altar of the Shining One.
  3099 | D:5      | Entered Level 5 of the Dungeon
  3305 | D:5      | Found a hide-covered altar of Uskayaw.
  4214 | D:6      | Found a sparkling altar of Nemelex Xobeh.
  4577 | D:6      | Reached XP level 9. HP: 59/69 MP: 9/9
  7138 | D:8      | Reached XP level 10. HP: 72/79 MP: 10/10
  7192 | D:9      | Noticed Prince Ribbit
  7204 | D:9      | Killed Prince Ribbit
  7765 | D:9      | You are sucked into a shaft and drop 3 floors!
  8305 | D:11     | Noticed a red ugly thing
  8321 | D:12     | Mangled by a red ugly thing

Illustrated notes

Levels and vault maps discovered:
D:1:      minmay_arrival_nine_rooms, layout_rooms
D:2:      layout_basic, grunt_decor_fettered, uniq_sigmund, uniq_terence,
          uniq_jessica
D:3:      layout_rooms, lightli_temple_of_fire,
          nicolae_qazlal_scattered_showers,
          shapermc_ecumenical_altar_notcrosses, gup_sewer_entry_bowl
D:4:      layout_cave_pools, nicolae_tso_swordbearing_angel,
          mainiacjoe_overflow_six_doors_small, minmay_temple_entry_grid,
          serial_shops, shop
D:5:      layout_basic, mainiacjoe_overflow_concentric_impassable,
          kennysheep_generic_room_7
D:6:      layout_gridville, mainiacjoe_overflow_small_starburst,
          minmay_pentangle
D:7:      layout_basic
D:8:      layout_rooms
D:9:      layout_layer_cave, mainiacjoe_overflow_tiny_flanked,
          erik_lair_orcish_takeover, wad_rectangle_vault, uniq_maggie,
          uniq_prince_ribbit1
D:11:     layout_layer_cave, minmay_orc_entry_temple_small, uniq_nergalle
D:12:     layout_roguey, uniq_sonja
Temple:   compressed_dpeg_circular_temple

Skill      XL: |  1  2  3  4  5  6  7  8  9 10 |
---------------+-------------------------------+-----
Staves         | 3 4 5 6 8 9 |  9.7
Fighting       | 4 5 6 7 |  7.9
Armour         | 4 5 6 7 8 |  8.0
Shields        | 5 6 7 8 9 |  9.4

Action                     |  1- 3 |  4- 6 |  7- 9 | 10-12 || total
---------------------------+-------+-------+-------+-------++-------
  Melee: Quarterstaff      |    81 |   106 |   413 |    86 ||   686
Ability: Shaft Self        |       |       |       |     1 ||     1
   Stab: Sleeping          |       |       |     1 |       ||     1
 Armour: Scale mail        |    32 |    84 |   278 |    73 ||   467
  Dodge: Dodged            |    40 |    51 |   158 |    47 ||   296
  Block: Buckler           |    28 |    27 |   128 |    38 ||   221

Table legend: (Time is in decaauts)
 A = Elapsed time spent in this place.
 B = Non-inter-level travel time spent in this place.
 C = Inter-level travel time spent in this place.
 D = Time resting spent in this place.
 E = Time spent auto-exploring this place.
 F = Levels seen in this place.
 G = Mean time per level.
                   A        B        C        D        E       F      G
               +--------+--------+--------+--------+--------+-----+--------+
         Total |   8347 |   8186 |    161 |   1597 |   4897 |  13 |  642.1 |
       Dungeon |   8038 |   7877 |    161 |   1515 |   4812 |  11 |  730.7 |
        Temple |     66 |     66 |      0 |      0 |      0 |   1 |   66.0 |
         Sewer |    241 |    241 |      0 |     82 |     85 |   1 |  241.0 |
               +--------+--------+--------+--------+--------+-----+--------+

Top non-repeatable levels by time:
     D:7: 1297 daAuts
     D:6: 1135 daAuts
     D:2: 1048 daAuts
     D:5: 997 daAuts
     D:4: 657 daAuts
     D:8: 643 daAuts
     D:3: 599 daAuts
     D:9: 574 daAuts
    D:12: 547 daAuts
     D:1: 533 daAuts
   Sewer: 241 daAuts
  Temple: 66 daAuts
    D:11: 5 daAuts
